 Dungeon Crawl Stone Soup version 0.27.0-1-g7a089689b8 (webtiles) character file.

Game seed: 11720337001971002993

80 gimp the Sneak (level 4, -2/42 HPs)
             Began as a Deep Dwarf Brigand on Aug 2, 2021.
             Splashed by a jelly's acid (6 damage)
             ... on level 6 of the Dungeon.
             The game lasted 00:05:35 (1611 turns).

gimp the Sneak (Deep Dwarf Brigand)                 Turns: 1611, Time: 00:05:35

Health: -2/42      AC: -5    Str: 15    XL:     4   Next: 18%
Magic:  4/4        EV: 10    Int: 12    God:
Gold:   92         SH:  3    Dex: 14    Spells: 3/3 levels left

rFire    + . .     SeeInvis .   q - +0 hand axe
rCold    . . .     Faith    .   f - +0 buckler
rNeg     . . .     Spirit   .   g - +0 ring mail
rPois    .         Reflect  .   (no helmet)
rElec    .         Harm     .   c - +0 cloak
rCorr    .         Rampage  .   (no gloves)
Will     .....                  (no boots)
Stlth    ++........             (no amulet)
HPRegen  0.00/turn              m - ring of protection from fire
MPRegen  0.09/turn              (no ring)

@: corroded
A: damage resistance, heal wounds, sense surroundings 1, no regeneration
a: Heal Wounds


You were on level 6 of the Dungeon.
You visited 1 branch of the dungeon, and saw 4 of its levels.

You collected 92 gold pieces.

Inventory:

Hand Weapons
 q - a +0 hand axe (weapon)
Missiles
 d - 9 poisoned darts (quivered)
 e - a curare-tipped dart
Armour
 c - a +0 cloak (worn)
 f - a +0 buckler (worn)
 g - a +0 ring mail (worn)
 n - a +0 leather armour
Jewellery
 m - a ring of protection from fire (left hand)
Scrolls
 h - a scroll of fog {unknown}
 i - 2 scrolls of teleportation {unknown}
 k - 2 scrolls of magic mapping {unknown}
 o - 3 scrolls of noise {unknown}
Potions
 b - a potion of heal wounds
 j - a potion of curing {unknown}
 p - a potion of invisibility {unknown}


   Skills:
 + Level 3.1 Fighting
 - Level 1.7 Short Blades
 * Level 0.1 Axes
 - Level 2.4 Throwing
 + Level 1.7 Armour
 - Level 1.1 Dodging
 - Level 4.9 Stealth
 + Level 0.0 Shields


You had 3 spell levels left.
You didn't know any spells.
Your spell library was empty.

Dungeon Overview and Level Annotations

Branches:
Dungeon (3/15)

Altars:
Nemelex Xobeh


Innate Abilities, Weirdness & Mutations

You are resistant to damage.
You can heal yourself by infusing magical energy.
You passively map a small area around you.
You do not regenerate.


Message History

Unknown command.
Throw: 13 darts (poison)
Press: ? - help, Q - select action, (/) - cycle Shift-Dir - straight line, f - jelly
Aim: a jelly (90% to hit)
You throw a poisoned dart. The poisoned dart hits the jelly.
The jelly is poisoned.
Throw: 12 darts (poison)
Press: ? - help, Q - select action, (/) - cycle Shift-Dir - straight line, f/p - jelly
Aim: a jelly (poisoned, 90% to hit)
You throw a poisoned dart. The poisoned dart hits the jelly.
Throw: 11 darts (poison)
Press: ? - help, Q - select action, (/) - cycle Shift-Dir - straight line, f/p - jelly
Aim: a jelly (poisoned, 90% to hit)
You throw a poisoned dart. The poisoned dart hits the jelly.
Throw: 10 darts (poison)
Press: ? - help, Q - select action, (/) - cycle Shift-Dir - straight line, f/p - jelly
Aim: a jelly (poisoned, 90% to hit)
You throw a poisoned dart. The poisoned dart hits the jelly.
You slash the jelly! The acid corrodes you!
Your hands burn!
The jelly is heavily wounded.
The jelly looks more healthy.
The jelly hits you.
You are splashed with acid!
You take 13 damage, and have 29/42 hp.
MASSIVE DAMAGE!!
You hit the jelly.
Your hands burn!
The jelly is almost dead.
The jelly hits you. The acid corrodes you!
You are splashed with acid!
You take 10 damage, and have 19/42 hp.
MASSIVE DAMAGE!!
The jelly hits you.
You are splashed with acid.
Found an escape hatch in the floor.
You take 5 damage, and have 14/42 hp.
You hit the jelly but do no damage.
Your hands burn!
The jelly is almost dead.
The jelly hits you. The acid corrodes you!
You are splashed with acid!
* * * LOW HITPOINT WARNING * * *
The jelly hits you.
You are splashed with acid!
You die...

, ≈ ≈ * * , ,
, * * .
##########.. ,
##..........>
,
##............
*
#....J@.......
#.............
#..........<..
#.....(.......
,
#......(......
*
##......(.....
##.......(...
#########...


You could see a jelly.

Vanquished Creatures
  Terence (D:2)
  2 adders (D:2)
  A dart slug (D:1)
  An orc (D:3)
  A ball python (D:2)
  4 endoplasms (D:1)
  3 goblins
  3 hobgoblins
  3 quokkas
  3 bats (D:1)
  5 frilled lizards
  4 kobolds
  2 rats
33 creatures vanquished.

Vanquished Creatures (others)
  4 plants (D:1)
4 creatures vanquished.

Grand Total: 37 creatures vanquished

Notes
Turn   | Place    | Note
-------+----------+-------------------------------------------
     0 | D:1      | gimp the Deep Dwarf Brigand began the quest for the Orb.
     0 | D:1      | Reached XP level 1. HP: 19/19 MP: 1/1
   272 | D:1      | Reached XP level 2. HP: 26/26 MP: 2/2
  1009 | D:2      | Reached skill level 1 in Armour
  1009 | D:2      | Reached XP level 3. HP: 20/33 MP: 3/3
  1040 | D:2      | Noticed Terence
  1226 | D:2      | Killed Terence
  1227 | D:2      | Reached XP level 4. HP: 22/42 MP: 4/4
  1255 | D:2      | You fall into a shaft and drop 1 floor!
  1533 | D:3      | Found a sparkling altar of Nemelex Xobeh.
  1597 | D:3      | You fall into a shaft and drop 3 floors!
  1611 | D:6      | Splashed by a jelly's acid

Illustrated notes

Levels and vault maps discovered:
D:1:      matt_arrival_debris, layout_loops_corners, serial_bayou,
          serial_bayou_lagoon_a, serial_bayou_shore_a, serial_bayou_ford_a,
          serial_bayou_lake_a
D:2:      layout_basic, chequers_serial_rivers_micro_c, uniq_crazy_yiuf_cottage,
          uniq_terence
D:3:      layout_basic, nemelex_diamond_rough_becter, serial_shops, shop,
          minmay_misc_feat_x, uniq_natasha
D:6:      gammafunk_wand_slinger, layout_rooms, temple_pool_b, serial_shops,
          nicolae_shop_competitors_out_of_business, roderic_lattice_a

Skill      XL: |  1  2  3 |
---------------+----------+-----
Fighting       | 2 3 |  3.1
Throwing       | 2 |  2.4
Armour         | 1 |  1.7
Short Blades   | |  1.7
Axes           | |  0.1
Dodging        | |  1.1
Stealth        | |  4.9

Action                   |  1- 3 |  4- 6 || total
-------------------------+-------+-------++-------
Melee: Dagger            |    71 |    17 ||    88
       Hand axe          |       |    13 ||    13
Throw: Dart              |    13 |     8 ||    21
  Use: Potion            |       |     1 ||     1
 Stab: Sleeping          |     6 |     1 ||     7
Armor: Robe              |    11 |       ||    11
       Leather armour    |     8 |     4 ||    12
       Ring mail         |       |     6 ||     6
Dodge: Dodged            |    24 |    12 ||    36
Block: Buckler           |       |     3 ||     3
